 Dungeon Crawl Stone Soup version 0.29.0-11-gd7f09526c8 (webtiles) character file.

Game seed: 6294799535677947225

95 SensoryNuts the Trooper (level 4, -2/35 HPs)
             Began as a Demonspawn Fighter on Sept 3, 2022.
             Killed by divine providence
             ... invoked by an orc priest
              (8 damage)
             ... on level 2 of the Dungeon.
             The game lasted 00:02:00 (2749 turns).

SensoryNuts the Trooper (Demonspawn Fighter)        Turns: 2749, Time: 00:02:00

Health: -2/35      AC:  8    Str: 16    XL:     4   Next: 39%
Magic:  4/4        EV:  9    Int: 10    God:
Gold:   178        SH:  5    Dex: 14    Spells: 3/3 levels left

rFire   . . .      SeeInvis .   a - +0 long sword
rCold   . . .      Faith    .   c - +0 buckler
rNeg    . . .      Spirit   .   b - +0 scale mail
rPois   .          Reflect  .   (helmet restricted)
rElec   .          Harm     .   (no cloak)
rCorr   .          Rampage  .   (no gloves)
Will    .....                   (no boots)
Stlth   ..........              (no amulet)
HPRegen 0.11/turn               (no ring)
MPRegen 0.09/turn               (no ring)

@: mighty
A: antennae 1, molten scales 1
a: no special abilities


You were on level 2 of the Dungeon.
You visited 1 branch of the dungeon, and saw 3 of its levels.

You collected 178 gold pieces.

Inventory:

Hand Weapons
 a - a +0 long sword (weapon)
Armour
 b - a +0 scale mail (worn)
 c - a +0 buckler (worn)
Jewellery
 l - a ring of willpower
Scrolls
 e - a scroll of amnesia {unknown}
 f - a scroll of poison {unknown}
 g - 2 scrolls of identify {unknown}
 h - a scroll of enchant weapon {unknown}
 i - 5 scrolls of immolation {unknown}
 k - a scroll of acquirement {unknown}
Potions
 j - a potion of magic
 n - a potion of lignification {unknown}


   Skills:
 + Level 3.3 Fighting
 * Level 3.1 Long Blades
 + Level 3.2 Armour
 + Level 0.6 Dodging
 + Level 3.0 Shields


You had 3 spell levels left.
You didn't know any spells.
Your spell library contained the following spells:

 Spells                   Type           Power      Damage    Failure   Level
 Summon Small Mammal      Summ           0%         N/A       87%         1
 Call Canine Familiar     Summ           0%         N/A       99%         3
 Summon Guardian Golem    Hex/Summ       0%         N/A       99%         3


Dungeon Overview and Level Annotations

Branches:
Dungeon (3/15)

Altars:

Shops:
D:1 [


Innate Abilities, Weirdness & Mutations

You have a pair of small antennae on your head.
You are partially covered in molten scales. (AC +2)


Message History

You kill the orc!
Key pressed, stopping explore.
HP restored.
Done exploring.
Done exploring.
You climb downwards.
A jackal comes into view.
The jackal moves out of view.
There is a stone staircase leading up here.
The orc priest misses you.
You climb upwards.
There is a stone staircase leading down, spattered with blood here.
You closely miss the orc priest.
The orc priest mumbles some strange prayers to Beogh against you.
Beogh smites you!
The orc priest hits you with a +0 war axe.
You are too injured to fight recklessly!
You are too injured to fight recklessly!
You are too injured to fight recklessly!
You are too injured to fight recklessly!
You are too injured to fight recklessly!
You are too injured to fight recklessly!
You are too injured to fight recklessly!
Unknown command.
You feel very mighty all of a sudden.
The orc priest invokes the aid of Beogh against you.
Pain shoots through your body!
You hit the orc priest but do no damage.
The orc priest casts a cantrip, but nothing happens.
You barely miss the orc priest. The orc priest barely misses you.
You slash the orc priest!
The orc priest is severely wounded.
The orc priest hits you but does no damage.
The orc priest hits you with a +0 war axe!
* * * LOW HITPOINT WARNING * * *
You barely miss the orc priest.
The orc priest is severely wounded.
The orc priest calls down the wrath of Beogh upon you.
Beogh smites you!
You die...

.<........#.#..#.#.........###...
.....##.......##.##..............
.........##.####.#..........#....
........###.##...................
.........##.##.#.##...######....#
.........##.##.#.###.######.....#
#[.......##.##.#.......##.......#
####......#.##.#))##.........##.#
#...........#@÷.......##..##.#
#....#......o÷....##.###.###.#
#........##.......##.....###.#
#............................#
####......................####...
........................#######..
......<.................###......
.......................>.##.###.#
..†.....##..................###.#


You could see an orc priest.

Vanquished Creatures
  6 adders (D:2)
  2 worms (D:2)
  4 orcs (D:2)
  An endoplasm (D:1)
  3 goblins (D:1)
  A hobgoblin (D:2)
  4 kobolds (D:1)
  A quokka (D:1)
  3 ball pythons
  2 bats
  5 frilled lizards
  7 rats
39 creatures vanquished.

Notes
Turn   | Place    | Note
-------+----------+-------------------------------------------
     0 | D:1      | SensoryNuts the Demonspawn Fighter began the quest for the
                  | Orb.
     0 | D:1      | Reached XP level 1. HP: 18/18 MP: 1/1
   171 | D:1      | Found Faixaqum's Antique Armour Shop.
   471 | D:1      | Gained mutation: You have a pair of small antennae on your
                  | head. [demonic ancestry]
   471 | D:1      | Reached XP level 2. HP: 24/24 MP: 2/2
  1349 | D:2      | Reached XP level 3. HP: 9/29 MP: 3/3
  2276 | D:2      | Gained mutation: You are partially covered in molten
                  | scales. (AC +2) [demonic ancestry]
  2276 | D:2      | Reached XP level 4. HP: 17/35 MP: 4/4
  2285 | D:2      | HP: 1/35 [orc/+0 mace (5)]
  2749 | D:2      | Killed from afar by an orc priest

Illustrated notes

Levels and vault maps discovered:
D:1:      zaba_arrival_water, layout_basic, serial_shops, shop,
          minmay_tetromino_l2
D:2:      layout_rooms
D:3:      layout_rooms, general_overflow_altar,
          mainiacjoe_overflow_cross_hatched,
          dreamdust_ecumenical_altar_drowned_temple, serial_shops,
          nicolae_shop_trees, nicolae_titane

Skill      XL: |  1  2  3  4 |
---------------+-------------+-----
Armour         | 3 |  3.2
Long Blades    | 2 3 |  3.1
Shields        | 3 |  3.0
Fighting       | |  3.3
Dodging        | |  0.6

Action                   |  1- 3 |  4- 6 || total
-------------------------+-------+-------++-------
Melee: Long sword        |   143 |    24 ||   167
  Use: Potion            |     2 |     2 ||     4
Armor: Scale mail        |    94 |    19 ||   113
Dodge: Dodged            |    58 |    21 ||    79
Block: Buckler           |    40 |     9 ||    49
